TOP OF THE 1ST |
San Antonio Missions batting - Pitching for Colorado (EL) Rockies : RHP Josh Thomas
|
Pitching: RHP Josh Thomas
|
|
Batting: LHB J.D. Brenner
|
0-0: SOLO HOME RUN (Flyball, 7D, EV 96.9 MPH), Distance : 349 ft
|
Batting: RHB Juan Espinoza
|
0-0: Ball 1-0: Ball 2-0: Called Strike 2-1: Ball 3-1: Ground out 5-3 (Groundball, 56S, EV 71.2 MPH)
|
Batting: LHB Hugo MacBeth
|
0-0: Ball 1-0: SINGLE (Line Drive, 6M, EV 104.4 MPH)
|
Batting: SHB Hatsuo Miura
|
0-0: Fly out, F8 (Line Drive, 8LM, EV 91.9 MPH)
|
Batting: RHB Joe Weissman
|
0-0: Called Strike 0-1: Ball 1-1: Ball 2-1: Foul Ball, location: 2F 2-2: Strikes out swinging
|
Top of the 1st over - 1 run, 2 hits, 0 errors, 1 left on base; San Antonio 1 - Colorado (EL) 0 |
BOTTOM OF THE 1ST |
Colorado (EL) Rockies batting - Pitching for San Antonio Missions : LHP David French
|
Pitching: LHP David French
|
|
Batting: LHB Seung-jun Chang
|
0-0: Ball 1-0: Ground out 6-3 (Groundball, 6M, EV 105.6 MPH)
|
Batting: LHB Harry Folsom
|
0-0: Called Strike 0-1: Called Strike 0-2: Ball 1-2: Strikes out swinging
|
Batting: RHB Mike McElroy
|
0-0: Ball 1-0: Foul Ball, location: 2F 1-1: Ball 2-1: Swinging Strike 2-2: Strikes out looking
|
Bottom of the 1st over - 0 runs, 0 hits, 0 errors, 0 left on base; San Antonio 1 - Colorado (EL) 0 |
TOP OF THE 2ND |
San Antonio Missions batting - Pitching for Colorado (EL) Rockies : RHP Josh Thomas
|
Batting: SHB Blake Abbott
|
0-0: Foul Ball, location: 2F 0-1: Called Strike 0-2: Hit by Pitch
|
Batting: LHB Josh Slusarczyk
|
0-0: Ball 1-0: Ball 2-0: Foul Ball, location: 2F 2-1: Foul Ball, location: 2F 2-2: Strikes out looking
|
Batting: RHB Danny Gallegos
|
0-0: Ball 1-0: Called Strike 1-1: Fly out, F9 (Flyball, 9, EV 78.1 MPH)
|
Batting: LHB Yeong-hun Joe
|
0-0: Ball 1-0: Called Strike 1-1: Fielders Choice at 2nd, 4-6 (Groundball, 4MD, EV 112.5 MPH)
|
Top of the 2nd over - 0 runs, 0 hits, 0 errors, 1 left on base; San Antonio 1 - Colorado (EL) 0 |
BOTTOM OF THE 2ND |
Colorado (EL) Rockies batting - Pitching for San Antonio Missions : LHP David French
|
Batting: RHB John Boyer
|
0-0: Ground out 6-3 (Groundball, 6, EV 81.9 MPH)
|
Batting: LHB Matt Calitri
|
0-0: Ball 1-0: Ball 2-0: Fly out, F8 (Flyball, 89M, EV 84.4 MPH)
|
Batting: LHB Tomoya Hashimoto
|
0-0: Ball 1-0: Foul Ball, location: 2F 1-1: Ball 2-1: Ball 3-1: Fly out, F8 (Flyball, 8LD, EV 80.6 MPH)
|
Bottom of the 2nd over - 0 runs, 0 hits, 0 errors, 0 left on base; San Antonio 1 - Colorado (EL) 0 |
TOP OF THE 3RD |
San Antonio Missions batting - Pitching for Colorado (EL) Rockies : RHP Josh Thomas
|
Batting: LHB J.D. Brenner
|
0-0: Called Strike 0-1: Fly out, F8 (Flyball, 8LD, EV 81.9 MPH)
|
Batting: RHB Juan Espinoza
|
0-0: Ball 1-0: Ball 2-0: Ball 3-0: Base on Balls
|
Batting: LHB Hugo MacBeth
|
0-0: Called Strike Juan Espinoza steals 2nd base (no throw) 0-1: Swinging Strike 0-2: Ball 1-2: Fly out, F9 (Flyball, 9, EV 89.4 MPH)
|
Batting: SHB Hatsuo Miura
|
0-0: Ball 1-0: Foul Ball, location: 2F 1-1: Ball 2-1: 2-RUN HOME RUN (Flyball, 89XD, EV 100.6 MPH), Distance : 416 ft
|
Batting: RHB Joe Weissman
|
0-0: Ball 1-0: Called Strike 1-1: Ball 2-1: Fly out, F9 (Flyball, 89M, EV 80.6 MPH)
|
Top of the 3rd over - 2 runs, 1 hit, 0 errors, 0 left on base; San Antonio 3 - Colorado (EL) 0 |
BOTTOM OF THE 3RD |
Colorado (EL) Rockies batting - Pitching for San Antonio Missions : LHP David French
|
Batting: SHB Jeff Sorrels
|
0-0: Swinging Strike 0-1: Called Strike 0-2: Strikes out looking
|
Batting: RHB Kevin McKasson
|
0-0: Fly out, F8 (Flyball, 8RXD, EV 109.4 MPH)
|
Batting: RHB Salvador Avina
|
0-0: Called Strike 0-1: Ball 1-1: Ground out 6-3 (Groundball, 6MD, EV 101.2 MPH)
|
Bottom of the 3rd over - 0 runs, 0 hits, 0 errors, 0 left on base; San Antonio 3 - Colorado (EL) 0 |
TOP OF THE 4TH |
San Antonio Missions batting - Pitching for Colorado (EL) Rockies : RHP Josh Thomas
|
Batting: SHB Blake Abbott
|
0-0: Ground out 2-3 (Groundball, 2L, EV 70.0 MPH)
|
Batting: LHB Josh Slusarczyk
|
0-0: Ball 1-0: Called Strike 1-1: Ball 2-1: Fly out, F7 (Flyball, 7LM, EV 86.2 MPH)
|
Batting: RHB Danny Gallegos
|
0-0: Fly out, F9 (Flyball, 9D, EV 92.5 MPH)
|
Top of the 4th over - 0 runs, 0 hits, 0 errors, 0 left on base; San Antonio 3 - Colorado (EL) 0 |
BOTTOM OF THE 4TH |
Colorado (EL) Rockies batting - Pitching for San Antonio Missions : LHP David French
|
Batting: LHB Seung-jun Chang
|
0-0: Ground out 6-3 (Groundball, 6, EV 85.0 MPH)
|
Batting: LHB Harry Folsom
|
0-0: Called Strike 0-1: Swinging Strike 0-2: SINGLE (Groundball, 6MS, EV 66.9 MPH) (infield hit)
|
Pitching: LHP Tyler Kenney
|
|
Batting: RHB Mike McElroy
|
0-0: Ball Harry Folsom steals 2nd base 1-0: Called Strike 1-1: Swinging Strike 1-2: Ball 2-2: Foul Ball, location: 2F 2-2: Ball 3-2: Base on Balls
|
Batting: RHB John Boyer
|
0-0: DOUBLE (Line Drive, 78D, EV 108.1 MPH) Harry Folsom scores Mike McElroy to third Runner from 3rd tries for Home, SAFE, throw by LF to home
|
Batting: LHB Matt Calitri
|
0-0: Ground out 5-3 (Groundball, 56S, EV 58.1 MPH) John Boyer to third
|
Batting: LHB Tomoya Hashimoto
|
0-0: Ball 1-0: Ball 2-0: Ground out 6-3 (Groundball, 56, EV 95.0 MPH)
|
Bottom of the 4th over - 2 runs, 2 hits, 0 errors, 1 left on base; San Antonio 3 - Colorado (EL) 2 |
TOP OF THE 5TH |
San Antonio Missions batting - Pitching for Colorado (EL) Rockies : RHP Josh Thomas
|
Batting: LHB Yeong-hun Joe
|
0-0: Ball 1-0: Called Strike 1-1: Foul Ball, location: 2F 1-2: Strikes out swinging
|
Batting: LHB J.D. Brenner
|
0-0: Ball 1-0: Ground out 6-3 (Groundball, 6, EV 84.4 MPH)
|
Batting: RHB Juan Espinoza
|
0-0: Called Strike 0-1: Ball 1-1: Called Strike 1-2: Strikes out swinging
|
Top of the 5th over - 0 runs, 0 hits, 0 errors, 0 left on base; San Antonio 3 - Colorado (EL) 2 |
BOTTOM OF THE 5TH |
Colorado (EL) Rockies batting - Pitching for San Antonio Missions : LHP Tyler Kenney
|
Batting: SHB Jeff Sorrels
|
0-0: Ball 1-0: Called Strike 1-1: DOUBLE (Line Drive, 9LM, EV 106.9 MPH) - OUT at third base trying to stretch hit.
|
Batting: RHB Kevin McKasson
|
0-0: SINGLE (Groundball, 15S, EV 69.4 MPH) (infield hit)
|
Batting: RHB Salvador Avina
|
0-0: Called Strike 0-1: Swinging Strike 0-2: Strikes out swinging
|
Batting: LHB Seung-jun Chang
|
0-0: Called Strike 0-1: Foul Ball, location: 2F 0-2: Strikes out swinging
|
Bottom of the 5th over - 0 runs, 2 hits, 0 errors, 1 left on base; San Antonio 3 - Colorado (EL) 2 |
TOP OF THE 6TH |
San Antonio Missions batting - Pitching for Colorado (EL) Rockies : RHP Josh Thomas
|
Batting: LHB Hugo MacBeth
|
0-0: Fly out, F3 (Popup, 3L, EV 77.5 MPH)
|
Batting: SHB Hatsuo Miura
|
0-0: Swinging Strike 0-1: Ball 1-1: Ball 2-1: Called Strike 2-2: Ball 3-2: Ground out 4-3 (Groundball, 4M, EV 100.6 MPH)
|
Batting: RHB Joe Weissman
|
0-0: Ball 1-0: Ground out 6-3 (Groundball, 6, EV 82.5 MPH)
|
Top of the 6th over - 0 runs, 0 hits, 0 errors, 0 left on base; San Antonio 3 - Colorado (EL) 2 |
BOTTOM OF THE 6TH |
Colorado (EL) Rockies batting - Pitching for San Antonio Missions : LHP Tyler Kenney
|
Batting: LHB Harry Folsom
|
0-0: Called Strike 0-1: Ground out 6-3 (Groundball, 6, EV 80.0 MPH)
|
Batting: RHB Mike McElroy
|
0-0: Called Strike 0-1: Foul Ball, location: 2F 0-2: Ground out 6-3 (Groundball, 6, EV 91.9 MPH)
|
Batting: RHB John Boyer
|
0-0: SOLO HOME RUN (Flyball, 7D, EV 96.2 MPH), Distance : 348 ft
|
Batting: LHB Matt Calitri
|
0-0: Ball 1-0: Swinging Strike 1-1: Ground out 4-3 (Groundball, 4, EV 87.5 MPH)
|
Bottom of the 6th over - 1 run, 1 hit, 0 errors, 0 left on base; San Antonio 3 - Colorado (EL) 3 |
TOP OF THE 7TH |
San Antonio Missions batting - Pitching for Colorado (EL) Rockies : RHP Josh Thomas
|
Batting: SHB Blake Abbott
|
0-0: Ball 1-0: Called Strike 1-1: DOUBLE (Line Drive, 78D, EV 95.6 MPH)
|
Batting: LHB Josh Slusarczyk
|
0-0: Ball 1-0: Foul Ball, location: 2F 1-1: Ball 2-1: Foul Ball, location: 2F 2-2: Strikes out swinging
|
Batting: RHB Danny Gallegos
|
0-0: Called Strike 0-1: Called Strike 0-2: Ball 1-2: Strikes out swinging
|
Batting: LHB Yeong-hun Joe
|
0-0: Swinging Strike 0-1: Swinging Strike 0-2: Ball 1-2: Foul Ball, location: 2F 1-2: Ball 2-2: Foul Ball, location: 2F 2-2: Strikes out swinging
|
Top of the 7th over - 0 runs, 1 hit, 0 errors, 1 left on base; San Antonio 3 - Colorado (EL) 3 |
BOTTOM OF THE 7TH |
Colorado (EL) Rockies batting - Pitching for San Antonio Missions : LHP Tyler Kenney
|
Batting: LHB Tomoya Hashimoto
|
0-0: Foul Ball, location: 2F 0-1: SINGLE (Line Drive, 7S, EV 109.4 MPH)
|
Batting: SHB Jeff Sorrels
|
0-0: Fly out, F9 (Flyball, 9S, EV 85.0 MPH)
|
Batting: RHB Kevin McKasson
|
0-0: SINGLE (Groundball, 56, EV 98.1 MPH) Tomoya Hashimoto to second
|
Batting: RHB Salvador Avina
|
0-0: Ball 1-0: Swinging Strike 1-1: Ball 2-1: Swinging Strike 2-2: Ball 3-2: Foul Ball, location: 2F 3-2: Foul Ball, location: 2F 3-2: Strikes out swinging
|
Batting: LHB Seung-jun Chang
|
0-0: Ground out 4-3 (Groundball, 4, EV 85.6 MPH)
|
Bottom of the 7th over - 0 runs, 2 hits, 0 errors, 2 left on base; San Antonio 3 - Colorado (EL) 3 |
TOP OF THE 8TH |
San Antonio Missions batting - Pitching for Colorado (EL) Rockies : RHP Josh Thomas
|
Pitching: RHP Mike Clark
|
|
Batting: LHB J.D. Brenner
|
0-0: Foul Ball, location: 2F 0-1: Swinging Strike 0-2: Ball 1-2: Fly out, F8 (Flyball, 8LD, EV 95.6 MPH)
|
Batting: RHB Juan Espinoza
|
0-0: Ball 1-0: Called Strike 1-1: Swinging Strike 1-2: Strikes out swinging
|
Batting: LHB Hugo MacBeth
|
0-0: Called Strike 0-1: Ball 1-1: SINGLE (Line Drive, 4MD, EV 103.8 MPH)
|
Batting: SHB Hatsuo Miura
|
0-0: Ball 1-0: Ball 2-0: Ball 3-0: Called Strike 3-1: Base on Balls Hugo MacBeth to second
|
Batting: RHB Joe Weissman
|
0-0: Called Strike 0-1: Ball Passed Ball! Hugo MacBeth to third Hatsuo Miura to second 1-1: Foul Ball, location: 2F 1-2: Foul Ball, location: 2F 1-2: Foul Ball, location: 2F 1-2: Foul Ball, location: 2F 1-2: Ball 2-2: Foul Ball, location: 2F 2-2: Fly out, F9 (Line Drive, 9S, EV 101.9 MPH)
|
Top of the 8th over - 0 runs, 1 hit, 0 errors, 2 left on base; San Antonio 3 - Colorado (EL) 3 |
BOTTOM OF THE 8TH |
Colorado (EL) Rockies batting - Pitching for San Antonio Missions : LHP Tyler Kenney
|
Pitching: LHP Ed Valdez
|
|
Batting: LHB Harry Folsom
|
0-0: Called Strike 0-1: Ball 1-1: Called Strike 1-2: Strikes out swinging
|
Batting: RHB Mike McElroy
|
0-0: Called Strike 0-1: Called Strike 0-2: Foul Ball, location: 2F 0-2: Foul Ball, location: 2F 0-2: Ball 1-2: Foul Ball, location: 2F 1-2: SOLO HOME RUN (Flyball, 78XD, EV 97.5 MPH), Distance : 382 ft
|
Batting: RHB John Boyer
|
0-0: Ball 1-0: Called Strike 1-1: SOLO HOME RUN (Flyball, 78XD, EV 101.2 MPH), Distance : 391 ft
|
Batting: LHB Matt Calitri
|
0-0: Ground out 6-3 (Groundball, 6, EV 87.5 MPH)
|
Batting: LHB Tomoya Hashimoto
|
0-0: Ball 1-0: Ball 2-0: Called Strike 2-1: Ball 3-1: Base on Balls
|
Batting: SHB Jeff Sorrels
|
0-0: Ball 1-0: Called Strike 1-1: Ball 2-1: Ball 3-1: Swinging Strike 3-2: Strikes out swinging
|
Bottom of the 8th over - 2 runs, 2 hits, 0 errors, 1 left on base; San Antonio 3 - Colorado (EL) 5 |
TOP OF THE 9TH |
San Antonio Missions batting - Pitching for Colorado (EL) Rockies : RHP Mike Clark
|
Pitching: RHP Jim Butler
|
|
Batting: SHB Blake Abbott
|
0-0: Called Strike 0-1: Ball 1-1: Swinging Strike 1-2: Strikes out swinging
|
Batting: LHB Josh Slusarczyk
|
0-0: Ball 1-0: Foul Ball, location: 2F 1-1: Ball 2-1: Ball 3-1: Called Strike 3-2: Strikes out swinging
|
Pinch Hitting: LHB Anthony Mosley
|
0-0: Fly out, F7 (Flyball, 7S, EV 73.1 MPH)
|
Top of the 9th over - 0 runs, 0 hits, 0 errors, 0 left on base; San Antonio 3 - Colorado (EL) 5 |
|